 Dungeon Crawl Stone Soup version 0.19.0-2-gae57169 (webtiles) character file.

303 emikaela the Cutter (level 6, -2/43 HPs)
             Began as a High Elf Artificer on Nov 5, 2016.
             Slain by a wight
             ... wielding a cursed +0 spear
              (6 damage)
             ... on level 4 of the Dungeon.
             The game lasted 00:12:07 (4417 turns).

emikaela the Cutter (High Elf Artificer)            Turns: 4417, Time: 00:12:08

Health: -2/43      AC:  8    Str: 11    XL:     6   Next: 15%
Magic:  9/9        EV:  8    Int: 14    God:
Gold:   154        SH:  0    Dex: 19    Spells: 0 memorised, 5 levels left

rFire  . . .     SeeInvis .     a - +1 short sword
rCold  . . .     Gourm    .     C - +0 leather armour
rNeg   . . .     Faith    .     (no shield)
rPois  .         Spirit   .     (no helmet)
rElec  .         Reflect  .     E - +0 cloak
rCorr  .         Harm     .     g - +2 pair of gloves
MR     .....                    I - +0 pair of boots
Stlth  +.........               j - amulet of inaccuracy (curse)
                                y - -6 ring of evasion (curse)
                                i - ring of loudness (curse)

@: drained
A: no striking features
a: no special abilities


You were on level 4 of the Dungeon.
You were hungry.

You visited 1 branch of the dungeon, and saw 4 of its levels.

You collected 154 gold pieces.

Inventory:

Hand Weapons
 a - a +1 short sword (weapon)
 b - a +0 hunting sling
 q - a +4 falchion
 r - a +0 dagger
Missiles
 h - 5 tomahawks
 k - 51 arrows
 n - 144 stones (quivered)
 v - 2 javelins
 z - 12 sling bullets
 A - 17 poisoned needles
 G - 12 bolts
Armour
 g - a +2 pair of gloves (worn)
 C - a +0 leather armour (worn)
 E - a +0 cloak (worn)
 I - a +0 pair of boots (worn)
Jewellery
 i - a cursed ring of loudness (left hand)
 j - a cursed amulet of inaccuracy (around neck)
 s - an uncursed ring of see invisible
 u - an uncursed amulet of guardian spirit {unknown}
 y - a cursed -6 ring of evasion (right hand)
Wands
 c - a wand of flame (0/48)
 d - a wand of enslavement (14/24)
 e - a wand of random effects (2/48)
Scrolls
 B - 4 scrolls of enchant weapon
 F - 3 scrolls of fear
Potions
 m - a potion of might
 p - 3 potions of heal wounds {unknown}
 t - a potion of haste {unknown}
 x - a potion of cancellation {unknown}
 D - a potion of flight {unknown}
 H - a potion of mutation {unknown}
Comestibles
 f - 4 bread rations
 l - 3 meat rations
 o - 7 fruits
 w - a royal jelly
 J - 3 chunks of flesh


   Skills:
 + Level 4.1(3.6) Fighting
 - Level 4.1(3.6) Short Blades
 + Level 4.1(3.6) Dodging
 - Level 1.1(0.6) Stealth
 - Level 3.0(2.5) Evocations


You had 5 spell levels left.
You didn't know any spells.

Dungeon Overview and Level Annotations

Branches:
Dungeon (4/15)
 Temple: D:4-7

Altars:
Cheibriados
The Shining One


Message History

Evoke which item? (* to show all) (? for menu, Esc to quit)
Zapping:
e - a wand of random effects (5/48)
Press: ? - help, Shift-Dir - straight line, f/p - wight
Aim: a wight, wielding a spear and wearing a robe (lightly damaged)
The wight is unaffected.
This wand has 4 charges left.
The wight hits you with a spear.
* * * LOW HITPOINT WARNING * * *
You feel drained.
Evoke which item? (* to show all) (? for menu, Esc to quit)
Zapping:
e - a wand of random effects (4/48)
Press: ? - help, Shift-Dir - straight line, f/p - wight
Aim: a wight, wielding a spear and wearing a robe (lightly damaged)
The wight flickers and vanishes!
Deactivating autopickup; reactivate with Ctrl-A.
This wand has 3 charges left.
Something hits you but does no damage.
Evoke which item? (* to show all) (? for menu, Esc to quit)
Zapping:
e - a wand of random effects (3/48)
Press: ? - help, Shift-Dir - straight line Nothing appears to happen.
This wand has 2 charges left.
Something hits you.
You die...

#.# #.# #.# .(. ##(##
# ##.(.##.# ##.##
#.......# #...# #...#
.(. ##@## ... #{# #.#
#)# # #.# ##(#.#
#####.#########....#
.[.............(...#
#####..######.(.....#
#####...####.........#
. .#
...........+...%..$..+
.#.#


There were no monsters in sight!

Vanquished Creatures
  An ogre (D:4)
  A wight (D:4)
  2 worker ants (D:4)
  6 adders (D:2)
  An ooze (D:2)
  2 worms (D:2)
  3 dart slugs
  A leopard gecko (D:1)
  2 ball pythons (D:3)
  5 giant cockroaches
  3 goblins
  7 hobgoblins
  3 quokkas
  6 bats
  9 frilled lizards
  8 kobolds
  6 rats
66 creatures vanquished.

Vanquished Creatures (others)
  A wight (D:4)
1 creature vanquished.

Grand Total: 67 creatures vanquished

Notes
Turn   | Place    | Note
-------+----------+-------------------------------------------
     0 | D:1      | emikaela the High Elf Artificer began the quest for the Orb.
     0 | D:1      | Reached XP level 1. HP: 13/13 MP: 4/4
   250 | D:1      | Reached XP level 2. HP: 15/18 MP: 5/5
   673 | D:1      | Found a glowing golden altar of the Shining One.
  1541 | D:2      | Reached XP level 3. HP: 13/24 MP: 6/6
  1949 | D:2      | HP: 1/25 [poisoned by an adder]
  2369 | D:2      | Reached XP level 4. HP: 30/30 MP: 7/7
  3764 | D:3      | Found a snail-covered altar of Cheibriados.
  4062 | D:4      | Reached XP level 5. HP: 7/36 MP: 8/8
  4373 | D:4      | Noticed an ogre
  4377 | D:4      | Killed an ogre
  4377 | D:4      | Reached XP level 6. HP: 29/43 MP: 9/9
  4417 | D:4      | Slain by a wight

Skill      XL: |  1  2  3  4  5 |
---------------+----------------+-----
Fighting       | 2 3 4 |  4.1
Dodging        | 3 4 |  4.1
Short Blades   | 2 3 4 |  4.1
Stealth        | |  1.1
Evocations     | |  3.0

Action                   |  1- 3 |  4- 6 || total
-------------------------+-------+-------++-------
Melee: Short sword       |   151 |   145 ||   296
 Fire: Hunting sling     |       |    45 ||    45
Evoke: Wand              |    11 |    18 ||    29
  Use: Scroll            |     3 |     3 ||     6
       Potion            |       |     1 ||     1
 Stab: Sleeping          |     1 |       ||     1
       Confused          |       |     2 ||     2
  Eat: Chunk             |     3 |     6 ||     9
       Pizza             |     1 |       ||     1
Armor: Leather armour    |    37 |    77 ||   114
Dodge: Dodged            |   116 |    94 ||   210
